 Seeded DCSS version 0.29-a0-234-g0dae59b3db (webtiles) character file.

Game seed: 3597698397502057081 (custom seed)

3433 innerfire433 the Fighter (level 9, -6/82 HPs)
             Began as a White Draconian Monk on Mar 3, 2022.
             Was a High Priest of Lugonu.
             Killed by vampiric draining
             ... invoked by a vampire
              (12 damage)
             ... on level 7 of the Dungeon.
             The game lasted 00:17:12 (7181 turns).

innerfire433 the Fighter (White Draconian Monk)     Turns: 7181, Time: 00:17:13

Health: -6/82      AC: 10    Str: 19    XL:     9   Next: 77%
Magic:  10/10      EV: 18    Int: 12    God:    Lugonu [*****.]
Gold:   286        SH:  0    Dex: 13    Spells: 9/9 levels left

rFire   + . .      SeeInvis .   b - +5 shortbow of the Transmuting Stork {vorpal, rF+ Will+ Str+2}
rCold   + . .      Faith    .   (shield currently unavailable)
rNeg    . . .      Spirit   .   (body armour unavailable)
rPois   +          Reflect  .   (helmet restricted)
rElec   .          Harm     .   (no cloak)
rCorr   .          Rampage  .   m - +0 pair of gloves
Will    +....                   i - +1 pair of boots
Stlth   ++........              (no amulet)
HPRegen 0.23/turn               c - +4 ring of evasion
MPRegen 0.12/turn               q - ring of poison resistance

@: attractive, slowed, very slow
A: breathe frost, AC +7, unfitting armour, cold resistance 1, cold-blooded,
stinger 2, wild magic 1, MP-powered wands
a: Breathe Frost, Renounce Religion, Depart the Abyss, Bend Space, Banish,
Corrupt, Enter the Abyss


You were on level 7 of the Dungeon.
You worshipped Lugonu.
Lugonu was extremely pleased with you.
You visited 1 branch of the dungeon, and saw 7 of its levels.

You collected 286 gold pieces.

Inventory:

Hand Weapons
 a - a +0 spear
 b - the +5 shortbow of the Transmuting Stork (weapon) {vorpal, rF+ Will+ Str+2}
   (You acquired it on level 3 of the Dungeon)

   Any ammunition fired from it inflicts extra damage upon your enemies.
   Str:       It affects your strength (+2).
   rF:        It protects you from fire.
   Will:      It increases your willpower.
 v - a +2 antimagic spear
 w - the +4 whip "Nalall" {freeze, rPois rC- Dex+4}
   (You took it off an orc on level 6 of the Dungeon)

   It freezes those it strikes, dealing additional cold damage.
   It can also slow down cold-blooded creatures.
   Dex:       It affects your dexterity (+4).
   rC:        It makes you vulnerable to cold.
   rPois:     It protects you from poison.
Missiles
 p - 3 curare-tipped darts
Armour
 i - a +1 pair of boots (worn)
 m - a +0 pair of gloves (worn)
 y - +0 steam dragon scales
Jewellery
 c - a +4 ring of evasion (left hand)
 f - a ring of protection from cold
 g - a ring of protection from fire
 q - a ring of poison resistance (right hand)
Wands
 j - a wand of flame (39)
Scrolls
 h - a scroll of fear
 k - 3 scrolls of teleportation
 l - 2 scrolls of vulnerability {unknown}
 u - a scroll of blinking {unknown}
 x - 2 scrolls of identify
 A - a scroll of torment {unknown}
Potions
 d - a potion of cancellation
 e - a potion of magic
 n - a potion of flight
 o - 2 potions of might
 r - a potion of lignification
 s - 2 potions of curing
 t - a potion of attraction
 z - 2 potions of berserk rage {unknown}


   Skills:
 + Level 8.3 Fighting
 - Level 4.0 Polearms
 * Level 8.2 Bows
 + Level 6.9 Dodging
 - Level 3.0 Stealth
 - Level 0.8 Spellcasting
 - Level 0.8 Invocations


You had 9 spell levels left.
You didn't know any spells.
Your spell library contained the following spells:

 Spells                   Type           Power      Damage    Failure   Level
 Beastly Appendage        Tmut           0%         N/A       38%         1
 Sublimation of Blood     Necr           0%         N/A       52%         2
 Wereblood                Tmut           0%         N/A       52%         2
 Dazzling Flash           Conj/Hex       0%         N/A       75%         3
 Portal Projectile        Hex/Tloc       0%         N/A       75%         3
 Spider Form              Tmut/Pois      0%         N/A       75%         3
 Iskenderun's Mystic Bla  Conj/Tloc      0%         2d3       98%         4
 Blade Hands              Tmut           0%         N/A       100%        5
 Excruciating Wounds      Necr           0%         N/A       100%        5
 Starburst                Conj/Fire      0%         6d3       100%        6
 Summon Hydra             Summ           0%         N/A       100%        7


Dungeon Overview and Level Annotations

Branches:
Dungeon (7/15)             Temple (0/1) D:4

Altars:
Nemelex Xobeh
Qazlal
Sif Muna
Lugonu

Shops:
D:3 [

Annotations:
D:5 1 runed translucent door
D:7 2 runed translucent doors


Innate Abilities, Weirdness & Mutations

You can breathe waves of freezing cold which knock back foes.
Your icy white scales are hard. (AC +7)
You cannot fit into any form of body armour.
Your flesh is cold resistant. (rC+)
You are cold-blooded and may be slowed by cold attacks.
Your tail ends in a sharp venomous barb.
Your spells are a little harder to cast, but a little more powerful.
You expend magic power (3 MP) to strengthen your wands.


Message History

Shoot: b) +5 shortbow of the Transmuting Stork {vorpal, rF+ Will+ Str+2}
Press: ? - help, Q - select action, (/) - cycle Shift-Dir - straight line, f/p - cyclops
Aim: a cyclops, quivering large rocks (moderately wounded, 89% to hit)
You shoot an arrow. The arrow hits the wraith!
You destroy the wraith!
Lugonu accepts your kill.
The gargoyle hurls a stone arrow at you.
The stone arrow hits something!
Something hits you but does no damage. Something bites you but does no damage.
Shoot: b) +5 shortbow of the Transmuting Stork {vorpal, rF+ Will+ Str+2}
Press: ? - help, Q - select action, (/) - cycle Shift-Dir - straight line, f/p - cyclops
Aim: a cyclops, quivering large rocks (moderately wounded, 89% to hit)
You shoot an arrow. Something draws life force from you!
Shoot: b) +5 shortbow of the Transmuting Stork {vorpal, rF+ Will+ Str+2}
Press: ? - help, Q - select action, (/) - cycle Shift-Dir - straight line, f/p - cyclops
Aim: a cyclops, quivering large rocks (moderately wounded, 89% to hit)
You shoot an arrow. Something hits you! Something freezes you.
Something bites you but does no damage. Something hits you!
* * * LOW HITPOINT WARNING * * *
Something freezes you.
* * * LOW HITPOINT WARNING * * *
Something bites you but does no damage.
You feel better.
You feel less wooden.
Your +0 pair of gloves unmelds from your body.
Your +1 pair of boots unmelds from your body.
You hear some strange, mumbled words.
Something tries to affect you, but you resist.
Something hits you!
* * * LOW HITPOINT WARNING * * *
Something freezes you.
* * * LOW HITPOINT WARNING * * *
Something bites you but does no damage.
Okay, then.
It was a potion of attraction.
You feel attractive to monsters. Something draws life force from you!
You die...

##...)...##.#.#
#..#.#..##.#.## ...
##.....##.#.#.# . ..#
#..#..##.#.#.##.#..# .
##...##.#.#.#.#..... ..
#o9.##.#.#.#.##.... ...#
##C##.#.#.#.#.#...#
..... #{##.#[#.#(#.#...#
......#@#)#########)....
#...................
......[........##..##...
...##....##))..##..##...
.. #....##)....#...#..#
#.....##)...##...#..#
##....##....##...#...
#...............#...
................#..<


You could see a cyclops, a gargoyle and an orc wizard.

Vanquished Creatures
  Pikel (D:5)
  A troll (D:7)
  2 wraiths
  A steam dragon (D:6)
  An orc warrior (D:7)
  An ice beast (D:5)
  2 sky beasts
  3 ogres
  2 black bears
  2 lemures (D:5)
  2 phantoms (D:5)
  A centaur (D:6)
  A bullfrog (D:7)
  A gnoll sergeant (D:7)
  7 scorpions
  A necrophage (D:7)
  A killer bee (D:5)
  A howler monkey (D:6)
  3 hounds
  3 orc priests
  A gnoll shaman (D:5)
  4 iguanas
  5 orc wizards
  4 gnolls (D:5)
  9 adders
  A shadow imp (D:6)
  2 dart slugs
  24 orcs
  4 ball pythons (D:1)
  5 endoplasms
  6 giant cockroaches
  8 goblins
  8 hobgoblins
  12 jackals
  4 quokkas
  8 bats
  3 frilled lizards
  12 kobolds
  2 rats (D:1)
  4 butterflies (D:5)
163 creatures vanquished.

Notes
Turn   | Place    | Note
-------+----------+-------------------------------------------
     0 | D:1      | innerfire433 the Draconian Monk began the quest for the
                  | Orb.
     0 | D:1      | Reached XP level 1. HP: 19/19 MP: 1/1
   230 | D:1      | Reached XP level 2. HP: 21/26 MP: 2/2
   642 | D:1      | Reached XP level 3. HP: 32/33 MP: 3/3
   719 | D:1      | Found a faded altar of an unknown god.
   844 | D:1      | Prayed at the altar of an unknown god.
   844 | D:1      | Became a worshipper of Lugonu the Unformed
   844 | D:1      | Reached * piety under Lugonu
   844 | D:1      | Reached ** piety under Lugonu
   844 | D:1      | Reached *** piety under Lugonu
  1544 | D:2      | Reached XP level 4. HP: 36/40 MP: 4/4
  1642 | D:2      | Reached **** piety under Lugonu
  1680 | D:2      | Found a shimmering blue altar of Sif Muna.
  2543 | D:3      | Reached XP level 5. HP: 44/46 MP: 5/5
  2630 | D:3      | Found Abet Har's Armour Shop.
  3204 | D:3      | Gained mutation: You passively map a small area around you.
                  | [potion of mutation]
  3205 | D:3      | Lost mutation: You passively map a small area around you.
                  | [potion of mutation]
  3205 | D:3      | Gained mutation: Your tail ends in a venomous barb. [potion
                  | of mutation]
  3205 | D:3      | Gained mutation: Your spells are a little harder to cast,
                  | but a little more powerful. [potion of mutation]
  3205 | D:3      | Gained mutation: You expend magic power (3 MP) to
                  | strengthen your wands. [potion of mutation]
  3205 | D:3      | Gained mutation: Your tail ends in a sharp venomous barb.
                  | [potion of mutation]
  3208 | D:3      | Identified a scroll of acquirement
  3208 | D:3      | Acquired the +5 shortbow of the Transmuting Stork {vorpal,
                  | rF+ Will+ Str+2}
  3329 | D:4      | Noticed a sky beast
  3341 | D:4      | Killed a sky beast
  3342 | D:4      | Reached skill level 1 in Bows
  3342 | D:4      | Reached XP level 6. HP: 37/53 MP: 7/7
  3447 | D:4      | Found a staircase to the Ecumenical Temple.
  3571 | D:4      | Found a sparkling altar of Nemelex Xobeh.
  3712 | D:4      | Reached ***** piety under Lugonu
  3713 | D:4      | Reached skill level 5 in Fighting
  4231 | D:5      | Entered Level 5 of the Dungeon
  4398 | D:5      | Your scales start taking on an icy white colour.
  4398 | D:5      | Reached XP level 7. HP: 61/61 MP: 8/8
  4398 | D:5      | Gained mutation: Your flesh is cold resistant. (rC+) [White
                  | Draconian growth]
  4401 | D:5      | Found a runed translucent door.
  4516 | D:5      | Found a runed translucent door.
  5125 | D:5      | Reached XP level 8. HP: 69/70 MP: 9/9
  5126 | D:5      | Noticed Pikel
  5168 | D:5      | Reached skill level 5 in Dodging
  5179 | D:5      | Reached skill level 5 in Bows
  5193 | D:5      | Killed Pikel
  5442 | D:5      | Reached XP level 9. HP: 55/79 MP: 10/10
  5710 | D:5      | Found a stormy altar of Qazlal.
  6078 | D:6      | Identified the +4 whip "Nalall" {freeze, rPois rC- Dex+4}
  6744 | D:7      | Found a runed translucent door.
  6745 | D:7      | Found a runed translucent door.
  6745 | D:7      | Noticed a manticore
  7145 | D:7      | Noticed a troll
  7146 | D:7      | Identified the +9 great sword of Derchiniu {freeze, rCorr}
  7149 | D:7      | Noticed a gargoyle
  7151 | D:7      | Killed a troll
  7151 | D:7      | Noticed a cyclops
  7181 | D:7      | Killed from afar by a vampire

Illustrated notes

Levels and vault maps discovered:
D:1:      lightli_arrival_flooded_house, layout_basic,
          dreamdust_ecumenical_altar_statues, minmay_octomino_j4
D:2:      minmay_kobold_bridge, layout_loops_ring, basic_altar
D:3:      layout_rooms, serial_shops, shop, kennysheep_small_spiral
D:4:      layout_basic, mainiacjoe_overflow_alcove_1,
          minmay_temple_entry_glassed_door, minmay_a_box_with_orc_wizards_in_it
D:5:      lemuel_insect_pit, layout_basic, marbit_many_paths,
          minmay_diced_spiral, uniq_pikel
D:6:      layout_loops_ring
D:7:      minmay_the_grid_triangle_9x9_rhombus_thin
          [minmay_the_grid_triangle_9x9_tough_junction,
          minmay_the_grid_triangle_9x9_prize_schism,
          minmay_the_grid_triangle_9x9_stretched_checkered,
          minmay_the_grid_triangle_9x9_negative_grid], layout_gridville,
          nicolae_yredelemnul_ghost_church, kiku_gazebo_pond_becter

Skill      XL: |  1  2  3  4  5  6  7  8  9 |
---------------+----------------------------+-----
Stealth        | 2 3 |  3.0
Dodging        | 3 4 5 6 |  6.9
Fighting       | 4 5 6 7 8 |  8.3
Polearms       | 4 |  4.0
Bows           | 1 2 4 6 8 |  8.2
Spellcasting   | |  0.8
Invocations    | |  0.8

Action                   |  1- 3 |  4- 6 |  7- 9 || total
-------------------------+-------+-------+-------++-------
Melee: Spear             |   165 |   151 |       ||   316
       Tailslap          |    13 |    10 |       ||    23
       Punch             |     1 |     1 |       ||     2
 Fire: Shortbow          |       |    61 |   269 ||   330
 Abil: Breathe Frost     |       |       |     3 ||     3
  Use: Scroll            |       |    13 |     1 ||    14
       Potion            |       |     2 |     7 ||     9
 Stab: Sleeping          |     5 |     5 |       ||    10
Armor: Skin              |    48 |    67 |    71 ||   186
Dodge: Dodged            |    90 |   125 |   154 ||   369

Table legend: (Time is in decaauts)
 A = Elapsed time spent in this place.
 B = Non-inter-level travel time spent in this place.
 C = Inter-level travel time spent in this place.
 D = Time resting spent in this place.
 E = Time spent auto-exploring this place.
 F = Levels seen in this place.
 G = Mean time per level.
                   A        B        C        D        E       F      G
               +--------+--------+--------+--------+--------+-----+--------+
         Total |   7227 |   6950 |    277 |      0 |   5259 |   7 | 1032.4 |
       Dungeon |   7227 |   6950 |    277 |      0 |   5259 |   7 | 1032.4 |
               +--------+--------+--------+--------+--------+-----+--------+

Top non-repeatable levels by time:
     D:5: 1715 daAuts
     D:2: 1157 daAuts
     D:1: 1115 daAuts
     D:3: 978 daAuts
     D:4: 975 daAuts
     D:6: 824 daAuts
     D:7: 461 daAuts
